 Dungeon Crawl Stone Soup version 0.25-a0-578-gc91f01c39c (webtiles) character file.

Game seed: 16088032455686491767, levelgen mode: deterministic

50 An17 the Sneak (level 3, -1/20 HPs)
             Began as a Vampire Enchanter on Mar 4, 2020.
             Slain by Crazy Yiuf
             ... wielding a +4 quarterstaff of chaos
              (6 damage)
             ... on level 2 of the Dungeon.
             The game lasted 00:04:02 (1766 turns).

An17 the Sneak (Vampire Enchanter)                  Turns: 1766, Time: 00:04:03

Health: -1/20      AC:  8    Str:  7    XL:     3   Next: 55%
Magic:  6/6        EV: 12    Int: 17    God:
Gold:   62         SH:  0    Dex: 15    Spells: 0/6 levels left

rFire    . . .     SeeInvis +   a - +1 dagger
rCold    + + .     Gourm    .   (no shield)
rNeg     + + +     Faith    .   c - +0 leather armour
rPois    ∞         Spirit   .   (no helmet)
rElec    .         Reflect  .   (no cloak)
rCorr    .         Harm     .   (no gloves)
MR       .....                  (no boots)
Stlth    +++++.....             (no amulet)
HPRegen  0.00/turn              f - +5 ring of protection
MPRegen  0.10/turn              (no ring)

@: bloodless
A: no food, fangs 3, see invisible, unbreathing
a: Bat Form, Revivify


You were on level 2 of the Dungeon.
You were bloodless.

You visited 1 branch of the dungeon, and saw 2 of its levels.

You collected 62 gold pieces.

Inventory:

Hand Weapons
 a - a +1 dagger (weapon)
Armour
 c - a +0 leather armour (worn)
Jewellery
 f - a +5 ring of protection (left hand)
Potions
 d - 2 potions of stabbing
 e - 2 potions of mutation


   Skills:
 + Level 0.8 Fighting
 + Level 1.6 Short Blades
 * Level 2.9 Dodging
 + Level 5.0 Stealth
 + Level 2.3 Spellcasting
 + Level 4.6 Hexes
 + Level 0.1 Ice Magic


You couldn't memorise any spells.
You knew the following spells:

 Your Spells              Type           Power        Failure   Level  Hunger
a - Corona                Hex            ###....      4%          1    N/A
b - Ensorcelled Hibernat  Hex/Ice        ##....       16%         2    N/A
c - Tukima's Dance        Hex            ###.....     12%         3    N/A

Your spell library contained the following spells:

 Spells                   Type           Power        Failure   Level  Hunger
 Confusing Touch          Hex            ###.....     12%         3    N/A
 Dazzling Flash           Conj/Hex       #.....       32%         3    N/A

Dungeon Overview and Level Annotations

Branches:
Dungeon (2/15)

Altars:

Annotations:
D:2 Crazy Yiuf


Innate Abilities, Weirdness & Mutations

You do not eat.
You do not regenerate when monsters are visible.
You are frail without blood (-20% HP).
You can heal yourself when you bite living creatures.
You are immune to poison.
You have razor-sharp teeth.
You have supernaturally acute eyesight. (SInv)
You can survive without breathing.


Message History

Crazy Yiuf says, "Buddy head song!"
There is a stone staircase leading up here.
Crazy Yiuf cries, "Citrus!"
You climb upwards.
There is a stone staircase leading down here.
You start resting.
Magic restored.
You start resting.
HP restored.
You start waiting.
Done waiting.
You climb downwards.
Level annotation: Crazy Yiuf Crazy Yiuf hits you with a +4 quarterstaff of chaos.
You convulse.
Crazy Yiuf whimpers, "Snurf tea mobile!"
Crazy Yiuf hits you with a +4 quarterstaff of chaos.
* * * LOW HITPOINT WARNING * * *
You convulse.
You die...

#.#...#.###.######
####.#.......#.....##
#........#.#.#####.##
#.......##.#.#####.##
#.......##.........##
#........###.####..<.
#....................
#..g....####.####.#.#
#...@...# #.# #.#.#
######### #.# #.#.#
#.# #.#.# #.####....
#......... ########..
###


You could see Crazy Yiuf.

Vanquished Creatures
  An adder (D:2)
  4 dart slugs
  A leopard gecko (D:2)
  4 bats (D:1)
  2 giant cockroaches
  3 hobgoblins (D:1)
  3 jackals (D:2)
  3 kobolds
  A quokka (D:2)
  A frilled lizard (D:1)
  3 goblins (D:2)
  5 rats
31 creatures vanquished.

Notes
Turn   | Place    | Note
-------+----------+-------------------------------------------
     0 | D:1      | An17 the Vampire Enchanter began the quest for the Orb.
     0 | D:1      | Reached XP level 1. HP: 13/13 MP: 3/3
   148 | D:1      | Reached XP level 2. HP: 7/20 MP: 5/5
   152 | D:1      | Learned a level 2 spell: Ensorcelled Hibernation
   823 | D:2      | Reached XP level 3. HP: 20/20 MP: 2/6
   828 | D:2      | Learned a level 3 spell: Tukima's Dance
   840 | D:2      | Reached skill level 5 in Stealth
  1301 | D:2      | Found a runed translucent door.
  1302 | D:2      | Noticed Crazy Yiuf
  1766 | D:2      | Slain by Crazy Yiuf

Levels and vault maps discovered:
D:1:      psy_arrival_basics, layout_basic
D:2:      layout_loops_ring, first_ration, uniq_crazy_yiuf_cottage

Skill      XL: |  1  2  3 |
---------------+----------+-----
Stealth        | 5 |  5.0
Fighting       | |  0.8
Short Blades   | |  1.6
Dodging        | |  2.9
Spellcasting   | |  2.3
Hexes          | |  4.6
Ice Magic      | |  0.1

Action                   || total
-------------------------++-------
Melee: Dagger            ||   102
       Bite              ||    11
 Cast: Corona            ||     5
       Ensorcelled Hiber ||    10
 Abil: Exsanguinate      ||     1
  Use: Scroll            ||     7
 Stab: Sleeping          ||    11
Armor: Robe              ||     3
       Leather armour    ||    15
Dodge: Dodged            ||    66

Table legend:
 A = Non-vault XP
 B = Vault XP
 C = Vault XP percentage of total XP
 D = Non-vault monster count
 E = Vault monster count
 F = Vault count percentage of total count
                 A         B        C        D         E       F
            +---------+---------+-------+---------+---------+-------
      Total |      72 |       0 |   0.0 |      31 |       0 |   0.0
            +---------+---------+-------+---------+---------+-------
        D:1 |      34 |       0 |   0.0 |      17 |       0 |   0.0
        D:2 |      38 |       0 |   0.0 |      14 |       0 |   0.0
            +---------+---------+-------+---------+---------+-------
